 Dungeon Crawl Stone Soup version 0.23-a0-85-g22930c1 (webtiles) character file.

365 digijack the Grave Robber (level 6, -2/41 HPs)
             Began as a Mummy Necromancer on Aug 13, 2018.
             Was a Follower of Yredelemnul.
             Slain by a bullfrog (3 damage)
             ... in a sewer.
             The game lasted 00:35:46 (3804 turns).

digijack the Grave Robber (Mummy Necromancer)       Turns: 3804, Time: 00:35:47

Health: -2/41      AC:  5    Str: 12    XL:     6   Next: 40%
Magic:  4/13       EV: 28    Int: 16    God:    Yredelemnul [*.....]
Gold:   128        SH:  0    Dex: 12    Spells: 10/15 levels left

rFire    . . .     SeeInvis +   (no weapon)
rCold    + . .     Gourm    .   (no shield)
rNeg     + + +     Faith    .   a - +0 robe
rPois    ∞         Spirit   .   k - +0 helmet
rElec    .         Reflect  .   (no cloak)
rCorr    .         Harm     .   (no gloves)
MR       .....                  c - +1 pair of boots
Stlth    +.........             d - amulet of the acrobat
HPRegen  0.13/turn              h - ring of see invisible
MPRegen  0.13/turn              j - ring of protection from fire

@: very slow
A: no food or potions, fire vulnerability, cold resistance 1, negative energy
resistance 3, torment resistance, unbreathing
a: Animate Remains, Renounce Religion


You were in a sewer.
You worshipped Yredelemnul.
Yredelemnul was aware of your devotion.
You were not hungry.

You visited 1 branch of the dungeon, and saw 3 of its levels.
You also visited: Sewer.

You collected 128 gold pieces.

Inventory:

Missiles
 e - 100 stones (quivered)
Armour
 a - a +0 robe (worn)
 c - a +1 pair of boots (worn)
 k - a +0 helmet (worn)
Jewellery
 d - an amulet of the acrobat (around neck)
 h - a ring of see invisible (left hand)
 j - a ring of protection from fire (right hand)
Wands
 i - a wand of random effects (36)
Scrolls
 b - 3 scrolls of magic mapping
 f - 2 scrolls of identify
 g - a scroll of remove curse
 l - a scroll of teleportation


   Skills:
 + Level 3.3 Dodging
 - Level 1.5 Stealth
 + Level 5.0 Spellcasting
 + Level 5.4 Necromancy
 + Level 1.4 Invocations


You had 10 spell levels left.
You knew the following spells:

 Your Spells              Type           Power        Failure   Level  Hunger
a - Pain                  Necr           ###.         1%          1    N/A
b - Animate Skeleton      Necr           N/A          1%          1    N/A
c - Vampiric Draining     Necr           ###.......   4%          3    N/A

Your spell library contained the following spells:

 Spells                   Type           Power        Failure   Level  Hunger
 Apportation              Tloc           #.....       16%         1    N/A
 Summon Small Mammal      Summ           #...         16%         1    N/A
 Animate Dead             Necr           N/A          16%         4    N/A
 Regeneration             Chrm/Necr      ##........   16%         3    N/A
 Confusing Touch          Hex            #.....       16%         1    N/A

Dungeon Overview and Level Annotations

Branches:
Dungeon (3/15)

Altars:
Cheibriados
Hepliaklqana
Qazlal
Trog
Vehumet
Yredelemnul


Innate Abilities, Weirdness & Mutations

You do not eat or drink.
Your flesh is vulnerable to fire.
You are immune to poison.
Your flesh is cold resistant. (rC+)
You are immune to negative energy. (rN+++)
You are immune to unholy pain and torment.
You can survive without breathing.


Message History

The adder closely misses you.
The bullfrog releases a deep croak.
You see here a chunk of flesh.
The adder misses you.
You see here a chunk of flesh.
You enter the shallow water.
Moving in this stuff is going to be slow.
The adder misses you.
You see here 5 chunks of flesh.
The adder completely misses you.
The ball python completely misses you. x2
The bullfrog hits you.
* * * LOW HITPOINT WARNING * * *
The adder completely misses you. The ball python completely misses you.
The ball python misses you. The bullfrog misses you.
The adder completely misses you. The bullfrog completely misses you.
The adder completely misses you.
The ball python completely misses you. x2
Why would you want to do that? The bullfrog hits you.
You die...
Yredelemnul claims you as an undead slave.

#≈≈≈%≈≈# #≈≈≈≈≈≈#
#≈≈≈≈ ≈ #≈≈≈≈≈≈#
#≈≈≈≈≈≈# #≈≈≈≈ ≈
#≈≈≈≈#≈# #≈≈≈≈≈≈#
#≈≈≈≈#≈ #≈≈≈≈≈≈#
#≈≈≈≈≈≈# #≈≈†#†≈
#≈≈≈≈≈≈# #≈≈≈≈≈≈#
#≈≈≈≈.≈ #≈≈≈≈≈≈#
#≈....≈# #≈≈≈≈.≈
#≈≈≈#≈.# #...).≈#
#≈≈≈#≈≈ #≈≈≈≈≈≈#
##....≈# #≈≈††#≈
#≈≈≈≈≈≈# #≈≈@≈≈≈#
#≈≈≈≈≈≈ #≈≈≈≈≈≈#
#≈≈≈F≈≈# #≈≈≈≈≈≈
#≈≈≈≈≈≈# #≈≈SS≈≈#
#≈≈≈≈≈≈ #≈≈≈≈≈≈#
#≈≈≈l≈≈# #≈≈≈≈≈≈
#≈≈≈≈≈≈# #≈≈≈≈%≈#
#####≈≈≈≈≈≈ #.....##
#....%## #!!###....#
#......#
#.....%###!!##......
......##
##......##'##......#
......#
#.......#.........#


You could see a bullfrog, an adder, a ball python and a frilled lizard.

Vanquished Creatures
  A bullfrog (Sewer)
  Robin (D:3)
  14 adders
  5 river rats (Sewer)
  An ooze (Sewer)
  3 worms (D:2)
  2 dart slugs
  A leopard gecko (D:1)
  4 giant cockroaches (D:1)
  16 goblins
  8 hobgoblins
  6 jackals (D:2)
  A quokka (D:2)
  6 ball pythons (Sewer)
  6 bats
  5 frilled lizards
  6 kobolds
  22 rats
108 creatures vanquished.

Vanquished Creatures (collateral kills)
  A river rat (Sewer)
  An ooze (D:3)
  3 ball pythons (Sewer)
  A goblin (D:3)
  3 hobgoblins
  A kobold (D:2)
  3 rats
13 creatures vanquished.

Grand Total: 121 creatures vanquished

Notes
Turn   | Place    | Note
-------+----------+-------------------------------------------
     0 | D:1      | digijack the Mummy Necromancer began the quest for the Orb.
     0 | D:1      | Reached XP level 1. HP: 13/13 MP: 4/4
     2 | D:1      | Learned a level 1 spell: Animate Skeleton
   269 | D:1      | Reached XP level 2. HP: 19/19 MP: 3/6
   898 | D:1      | Reached XP level 3. HP: 24/24 MP: 4/7
  1391 | D:2      | Learned a level 3 spell: Vampiric Draining
  1467 | D:2      | Reached XP level 4. HP: 30/30 MP: 3/9
  2260 | D:2      | Found a snail-covered altar of Cheibriados.
  2579 | D:3      | Reached XP level 5. HP: 33/35 MP: 5/11
  2593 | D:3      | Found a hazy altar of Hepliaklqana.
  2595 | D:3      | Found a basalt altar of Yredelemnul.
  2596 | D:3      | Found a radiant altar of Vehumet.
  2596 | D:3      | Found a bloodstained altar of Trog.
  2598 | D:3      | Found a stormy altar of Qazlal.
  2612 | D:3      | Became a worshipper of Yredelemnul the Dark
  2644 | D:3      | Noticed Robin
  2652 | D:3      | Reached skill level 5 in Necromancy
  2710 | D:3      | Killed Robin
  2875 | D:3      | Found a glowing drain.
  2891 | Sewer    | Entered a sewer
  3157 | Sewer    | Reached * piety under Yredelemnul
  3418 | Sewer    | Reached skill level 1 in Invocations
  3446 | Sewer    | Reached XP level 6. HP: 21/41 MP: 0/13
  3782 | Sewer    | Reached skill level 5 in Spellcasting
  3802 | Sewer    | HP: 1/41 [bullfrog (5)]
  3804 | Sewer    | Slain by a bullfrog

Vault maps used:
D:1:      lemuel_arrival_tunnels
D:2:      cheibriados_altar_1
D:3:      grunt_temple_overflow_open, portal_sewer_entry_d, uniq_robin,
          uniq_terence
Sewer:    sewer_minmay_w

Skill      XL: |  1  2  3  4  5  6 |
---------------+-------------------+-----
Spellcasting   | 3 4 5 |  5.0
Dodging        | 2 3 |  3.3
Necromancy     | 5 |  5.4
Invocations    | 1 |  1.4
Stealth        | |  1.5

Action                   |  1- 3 |  4- 6 || total
-------------------------+-------+-------++-------
Melee: Unarmed           |    16 |    29 ||    45
Throw: Stone             |       |     4 ||     4
 Cast: Pain              |    68 |   169 ||   237
       Animate Skeleton  |     7 |    33 ||    40
       Vampiric Draining |       |     1 ||     1
  Use: Scroll            |     4 |     3 ||     7
Armor: Robe              |    15 |    34 ||    49
       Animal skin       |       |     1 ||     1
Dodge: Dodged            |    33 |   154 ||   187

Table legend:
 A = Non-vault XP
 B = Vault XP
 C = Vault XP percentage of total XP
 D = Non-vault monster count
 E = Vault monster count
 F = Vault count percentage of total count
 G = Total turns spent on level
                 A         B        C        D         E       F
            +---------+---------+-------+---------+---------+-------
      Total |     213 |     309 |  59.2 |      63 |      58 |  47.9
            +---------+---------+-------+---------+---------+-------
        D:1 |      43 |       0 |   0.0 |      23 |       0 |   0.0
        D:2 |     135 |       0 |   0.0 |      34 |       0 |   0.0
        D:3 |      35 |      49 |  58.3 |       6 |      14 |  70.0
      Sewer |       0 |     260 | 100.0 |       0 |      44 | 100.0
            +---------+---------+-------+---------+---------+-------
